 Dungeon Crawl Stone Soup version 0.25.1-2-g60ff931df9 (webtiles) character file.

Game seed: 2635813986491062258

65 H0rd4k the Magician (level 3, -2/19 HPs)
             Began as a Deep Elf Wizard on Oct 27, 2020.
             Killed by divine providence
             ... invoked by an orc priest
              (9 damage)
             ... on level 3 of the Dungeon.
             The game lasted 00:02:32 (1720 turns).

H0rd4k the Magician (Deep Elf Wizard)               Turns: 1720, Time: 00:02:32

Health: -2/19      AC:  4    Str:  4    XL:     3   Next: 92%
Magic:  10/12      EV: 13    Int: 23    God:
Gold:   68         SH:  0    Dex: 13    Spells: 4/13 levels left

rFire    . . .     SeeInvis .   (no weapon)
rCold    . . .     Gourm    .   (no shield)
rNeg     . . .     Faith    .   a - +0 robe
rPois    .         Spirit   .   k - +2 hat
rElec    .         Reflect  .   (no cloak)
rCorr    .         Harm     .   (no gloves)
MR       .....                  (no boots)
Stlth    ++........             (no amulet)
HPRegen  0.06/turn              (no ring)
MPRegen  0.13/turn              (no ring)

@: no status effects
A: no striking features
a: no special abilities


You were on level 3 of the Dungeon.
You were not hungry.

You visited 1 branch of the dungeon, and saw 3 of its levels.

You collected 68 gold pieces.

Inventory:

Missiles
 l - 5 poisoned darts (quivered)
Armour
 a - a +0 robe (worn)
 b - a +0 hat
 k - a +2 hat (worn)
Scrolls
 c - a scroll of fear {unknown}
 e - a scroll of identify {unknown}
 f - a scroll of remove curse {unknown}
 g - a scroll of enchant weapon {unknown}
 i - a scroll of teleportation {unknown}
Potions
 h - a potion of degeneration {unknown}
Comestibles
 d - 3 rations


   Skills:
 + Level 2.8 Dodging
 + Level 2.6 Stealth
 + Level 5.9 Spellcasting
 + Level 1.6 Conjurations
   Level 1.1 Summonings
 + Level 1.1 Translocations
 * Level 0.6 Fire Magic
 * Level 0.3 Air Magic
 * Level 0.4 Poison Magic


You had 4 spell levels left.
You knew the following spells:

 Your Spells              Type           Power        Failure   Level  Hunger
a - Magic Dart            Conj           ##..         4%          1    None
b - Blink                 Tloc           N/A          9%          2    None
c - Conjure Flame         Conj/Fire      ##......     16%         3    #......
d - Mephitic Cloud        Conj/Pois/Air  ##......     19%         3    #......

Your spell library contained the following spells:

 Spells                   Type           Power        Failure   Level  Hunger
 Call Imp                 Summ           ##......     9%          2    None
 Slow                     Hex            #.......     13%         2    None


Dungeon Overview and Level Annotations

Branches:
Dungeon (3/15)

Altars:
Yredelemnul

Annotations:
D:3 exclusion: upstairs


Message History

The orc priest mumbles some strange prayers to Beogh against you.
Beogh smites you!
Ouch! That really hurt!
Casting: Magic Dart (safe; 4% risk of failure)
Confirm with . or Enter, or press ? or * to list all spells.
Aiming: Magic Dart (safe; 4% risk of failure)
Press: ? - help, Shift-Dir - straight line, f - orc priest
Aim: an orc priest, wielding a +0 trident and wearing a +0 ring mail The magic dart hits the orc priest.
The orc priest is lightly wounded.
Casting: Magic Dart (safe; 4% risk of failure)
Confirm with . or Enter, or press ? or * to list all spells.
Aiming: Magic Dart (safe; 4% risk of failure)
Press: ? - help, Shift-Dir - straight line, f/p - orc priest
Aim: an orc priest, wielding a +0 trident and wearing a +0 ring mail (lightly wounded)
The magic dart hits the orc priest but does no damage.
The orc priest is lightly wounded.
The orc priest invokes the aid of Beogh against you.
Beogh smites you!
You die... ♣♣♣ oo#

##+###### .o#
#.......# o(#
♣.......# ..#
..♣.....♣ ♣♣♣♣♣ ..#
........♣♣♣P.P♣♣♣♣#..#
♣..♣.......@.....o)..#
........♣♣♣♣...♣P♣...#
♣..♣....♣♣♣♣♣♣♣♣♣♣#..#
#####.....# ..#
#..[.....# ..#
#.######.## ..# #.####
#..# ..# #.P...###.##
..# ♣P.......#


You could see an orc priest.

Vanquished Creatures
  An orc priest (D:3)
  A gnoll (D:2)
  An orc (D:3)
  A bat (D:1)
  2 giant cockroaches (D:3)
  5 goblins
  4 hobgoblins (D:1)
  5 frilled lizards (D:1)
  2 kobolds (D:1)
  4 rats (D:1)
26 creatures vanquished.

Vanquished Creatures (others)
  3 plants (D:3)
3 creatures vanquished.

Grand Total: 29 creatures vanquished

Notes
Turn   | Place    | Note
-------+----------+-------------------------------------------
     0 | D:1      | H0rd4k the Deep Elf Wizard began the quest for the Orb.
     0 | D:1      | Reached XP level 1. HP: 10/10 MP: 7/7
   229 | D:1      | Reached skill level 5 in Spellcasting
   295 | D:1      | Reached XP level 2. HP: 15/15 MP: 8/10
   937 | D:2      | Reached XP level 3. HP: 19/19 MP: 4/12
  1070 | D:2      | Found a basalt altar of Yredelemnul.
  1275 | D:3      | Learned a level 2 spell: Blink
  1279 | D:3      | Learned a level 3 spell: Conjure Flame
  1283 | D:3      | Learned a level 3 spell: Mephitic Cloud
  1720 | D:3      | Killed from afar by an orc priest

Illustrated notes

Levels and vault maps discovered:
D:1:      dpeg_arrival_three_bigger_balls, layout_basic
D:2:      layout_rooms, gammafunk_temple_overflow_elements, lemuel_doored_altar,
          gammafunk_temple_overflow_statue, minmay_tripent
D:3:      layout_basic, serial_forest, infiniplex_forest_clump_small,
          infiniplex_forest_clump_curved, infiniplex_forest_clump_medium,
          infiniplex_forest_end_3, infiniplex_forest_clump_long,
          infiniplex_forest_clump_medium, infiniplex_forest_straight_5,
          infiniplex_forest_lined_ring, infiniplex_forest_clump_long,
          infiniplex_forest_end_1, uniq_jessica

Skill      XL: |  1 |
---------------+----+-----
Spellcasting   | 5 |  5.9
Dodging        | |  2.8
Stealth        | |  2.6
Conjurations   | |  1.6
Summonings     | |  1.1
Translocations | |  1.1
Fire Magic     | |  0.6
Air Magic      | |  0.3
Poison Magic   | |  0.4

Action                   || total
-------------------------++-------
 Cast: Magic Dart        ||    76
  Eat: Chunk             ||     2
Armor: Robe              ||     4
Dodge: Dodged            ||    11
